 Dungeon Crawl Stone Soup version 0.02-181-g1f18bfd (webtiles) character file.

Game seed: 12810044749755539336, levelgen mode: deterministic

1288 Kalegnar the Twirler (level 8, -8/64 HPs) Lignifite Berserker. Began on Oct 21, 2020. Was an Elder of Trog. Killed by divine providence ... invoked by an orc priest (11 damage) ... on level 3 of the Dungeon. The game lasted 00:18:53 (3629 turns).

Kalegnar the Twirler (Lignifite Berserker)          Turns: 3629, Time: 00:18:54

Health: -8/64      AC:  1    Str: 24    XL:     8 ^: 958
Magic:  9/9        EV: 20    Int:  9    God:    Trog [4* [107]]
Gold:   130        SH:  4    Dex:  8    Spells: 7/7 levels left

rFire    x . .     Vision   .   a - +0 mace
rCold    . . .     Gourm    .   q - +0 buckler
rNeg     . . .     Faith    .   b - +0 animal skin
rPois    +         Spirit   .   (helmet restricted)
rElec    .         Reflect  .   (no cloak)
rCorr    .         Harm     .   (gloves unavailable)
MR       .....     Rnd*Rage +   (boots unavailable)
Stlth    +.........             (no amulet)
HPRegen  0.31/turn              h - ring of evasion
MPRegen  0.19/turn              (no ring)

@: lethally poisoned (-8 -> -8), berserk cooldown, slowed, slow
A: small, rF-, deformed body, speed 1, poison resistance, slow metabolism 1,
torment resistance, plant, rot immunity
a: Berserk, Trog's Hand, Brothers in Arms, Renounce Religion


You were on level 3 of the Dungeon.
You worshipped Trog.
Trog was greatly pleased with you.
You were very hungry.

You visited 1 branch of the dungeon, and saw 3 of its levels.

You collected 130 gold pieces.

Inventory:

Weapons
 a - a +0 mace (weapon)
 k - a -1 hammer Shields
 q - a +0 buckler (shield)
Armour
 b - a +0 animal skin (worn)
Jewellery
 h - a ring of evasion (left hand)
 r - an uncursed ring of evasion
Scrolls
 f - 3 scrolls of teleportation
 j - a scroll of fear
 p - a scroll of magic mapping
Potions
 d - a potion of haste
 e - 2 potions of heal wounds
 g - a potion of might
 i - a potion of berserk rage
 l - a potion of ambrosia
 m - 2 potions of curing
 o - a potion of mutation
Comestibles
 c - 10 rations
 n - 10 chunks of flesh


   Skills:
 + Level 6.1 Fighting
 + Level 7.8 Maces & Staves
 + Level 4.3 Dodging
 + Level 2.0 Shields
 - Level 3.0 Unarmed Combat


You had 7 spell levels left.
You didn't know any spells.
Your spell library was empty.

Dungeon Overview and Level Annotations

Branches:
Dungeon (3/8)

Altars:
Ashenzari
Dithmenos
Uskayaw

Shops:
D:2 !   D:3 (


Innate Abilities, Weirdness & Mutations

Your woody flesh burns easily. (rF-)
A tangle of shorter branches protects your body from attack. (+3 SH)
You are small and have problems with some larger weapons.
Armour fits poorly on your strangely shaped body.
You cover ground quickly.
Your system is resistant to poisons. (rPois)
You have a slow metabolism.
You are immune to unholy pain and torment.
You require very little carbon dioxide to survive.
You are immune to rotting.
You frequently lose your temper in combat.
This godly rage surpasses even clarity. (*Rage)


Message History

The orc wizard hits you with a +0 dagger (2).
* * * LOW HITPOINT WARNING * * *
You hit the orc wizard (5).
You kill the orc wizard!
Trog accepts your kill.
Trog appreciates your killing of a magic user.
Your Shields skill increases to level 2!
You feel sick. (1)
You hit the orc priest (2).
The orc priest is moderately wounded. (12/15) HP You feel sick. (1)
The orc priest looks satisfied for a moment.
You hit the orc priest but do no damage.
The orc priest is lightly wounded. (13/15) HP You hit the orc priest (1).
The orc priest is moderately wounded. (12/15) HP You feel sick. (1)
The orc priest mumbles some strange prayers to Beogh against you.
Beogh smites you!
You die...

#### ... #.# #.###o##
#....@.# .#####).#
........# ########..#
..........#
###############.#.#...
............))........#
###############.#.##..#
....# .#


You could see an orc priest.

Vanquished Creatures
  A water moccasin (D:2)
  An ogre (D:3)
  3 big kobolds (D:2)
  A bullfrog (D:2)
  A howler monkey (D:3)
  A crimson imp (D:3)
  2 orc priests (D:3)
  An orc wizard (D:3)
  2 iguanas (D:3)
  2 worker ants (D:3)
  9 giant cockroaches
  A bullfrog skeleton (D:3)
  3 adders
  4 gnolls (D:3)
  27 sewer rats (D:2)
  A worm (D:2)
  12 cinder newts
  2 oozes (D:2)
  A dart slug (D:1)
  6 leopard geckos
  An orc (D:3)
  3 adder skeletons
  4 ball pythons
  5 bats
  A cinder newt skeleton (D:2)
  7 goblins (D:1)
  A hobgoblin (D:1)
  16 kobolds
  A bat skeleton (D:2)
  A quokka skeleton (D:3)
  6 rats (D:1)
  9 withered plants (D:2)
136 creatures vanquished.

Vanquished Creatures (others)
  2 sewer rats (D:2)
  A leopard gecko (D:2)
  A cinder newt skeleton (D:2)
  A kobold (D:2)
  A ball python (D:2)
  A rat skeleton (D:2)
  A giant blowfly (D:2)
  135 withered plants (D:2)
143 creatures vanquished.

Grand Total: 279 creatures vanquished

Notes
Turn   | Place    | Note
-------+----------+-------------------------------------------
     0 | D:1      | Kalegnar the Lignifite Berserker began the quest for the
                  | Orb.
     0 | D:1      | Reached XP level 1. HP: 14/14 MP: 2/2
    15 | D:1      | Reached skill level 1 in Maces & Staves
    15 | D:1      | Reached XP level 2. HP: 21/21 MP: 3/3
    16 | D:1      | Identified the cursed ring "Sima" {AC+5 Int+6 Dex-3,
                  | (Curse: Fragile)}
   146 | D:1      | Reached skill level 2 in Maces & Staves
   203 | D:1      | Reached XP level 3. HP: 24/26 MP: 4/4
   217 | D:1      | Received a gift from Trog
   391 | D:1      | Reached ** piety under Trog
   512 | D:1      | Reached skill level 3 in Maces & Staves
   512 | D:1      | Reached XP level 4. HP: 28/32 MP: 5/5
  1279 | D:2      | Noticed a big kobold
  1293 | D:2      | Killed a big kobold
  1293 | D:2      | Reached skill level 4 in Maces & Staves
  1293 | D:2      | Reached XP level 5. HP: 37/37 MP: 6/6
  1423 | D:2      | Reached skill level 5 in Maces & Staves
  1426 | D:2      | Reached XP level 6. HP: 44/44 MP: 7/7
  1488 | D:2      | Reached *** piety under Trog
  1555 | D:2      | Noticed a water moccasin
  1562 | D:2      | Killed a water moccasin
  1562 | D:2      | Reached skill level 5 in Fighting
  1562 | D:2      | Reached skill level 6 in Maces & Staves
  1562 | D:2      | Reached XP level 7. HP: 50/50 MP: 8/8
  1603 | D:2      | Received a gift from Trog
  2103 | D:2      | Reached skill level 7 in Maces & Staves
  2359 | D:2      | Found Dient's Distillery.
  2782 | D:2      | Found a shattered altar of Ashenzari.
  2783 | D:2      | Found a shadowy altar of Dithmenos.
  3299 | D:3      | Reached **** piety under Trog
  3405 | D:3      | Reached XP level 8. HP: 64/64 MP: 9/9
  3411 | D:3      | Reached skill level 1 in Shields
  3452 | D:3      | Found a hide-covered altar of Uskayaw.
  3482 | D:3      | Found Sihiproc's Weapon Boutique.
  3514 | D:3      | Received a gift from Trog
  3627 | D:3      | HP: 3/64 [poisoned by an orc wizard (sting)]
  3629 | D:3      | Killed from afar by an orc priest

Levels and vault maps discovered:
D:1:      giann_forest_graveyard, layout_basic, kennysheep_nondescript,
          minmay_cut_off
D:2:      layout_sewer, gammafunk_temple_overflow_statue, serial_shops, shop,
          first_ration
D:3:      layout_basic, eat_drink_and_be_merry_uskayaw, serial_shops, shop

Skill      XL: |  1  2  3  4  5  6  7  8 |
---------------+-------------------------+-----
Maces & Staves | 1 2 3 4 5 6 7 |  7.8
Dodging        | 3 4 |  4.3
Fighting       | 4 5 6 |  6.1
Shields        | 2 |  2.0
Unarmed Combat | |  3.0

Action                   |  1- 3 |  4- 6 |  7- 9 || total
-------------------------+-------+-------+-------++-------
Melee: Mace              |    57 |   117 |   252 ||   426
       Unarmed           |    37 |    94 |   139 ||   270
Invok: Berserk           |     1 |     2 |     3 ||     6
  Eat: Chunk             |       |     2 |     8 ||    10
Armor: Animal skin       |     2 |     7 |     3 ||    12
Dodge: Dodged            |    57 |   121 |   162 ||   340
Block: Other             |     1 |     8 |    12 ||    21
       Buckler           |       |       |    12 ||    12
